 Dungeon Crawl Stone Soup version 0.17-a0-1914-gde4187c (webtiles) character file.

553 kosy22 the Ducker (level 7, -5/60 HPs)
             Began as a Grey Draconian Fighter on Sept 26, 2015.
             Was an Initiate of Elyvilon.
             Slain by an ice beast (13 damage)
             ... on level 4 of the Dungeon.
             The game lasted 00:09:12 (4440 turns).

kosy22 the Ducker (Grey Draconian Fighter)          Turns: 4440, Time: 00:09:13

Health: -5/60      AC: 19    Str: 21    XL:     7   Next: 8%
Magic:  7/7        EV: 10    Int:  8    God:    Elyvilon [......]
Gold:   187        SH:  9    Dex: 10    Spells: 0 memorised, 6 levels left

rFire  . . .     SeeInvis .     m - +1 dagger (protect)
rCold  . . .     Clarity  .     (armour unavailable)
rNeg   . . .     SustAt   .     b - +0 shield
rPois  .         Gourm    .     (helmet restricted)
rElec  .         Spirit   .     r - +2 cloak
rCorr  .         Warding  .     (no gloves)
rMut   .         Stasis   .     (no boots)
MR     .....                    (no amulet)
Stlth  +.........               (no ring)
                                (no ring)

@: heavily drained, not resistant to hostile enchantments, very unstealthy
A: walk through water, unfitting armour, unbreathing, cold-blooded, AC +11
a: Renounce Religion


You were on level 4 of the Dungeon.
You worshipped Elyvilon.
Elyvilon was noncommittal.
You were not hungry.

You visited 1 branch of the dungeon, and saw 4 of its levels.

You collected 187 gold pieces.

Inventory:

Hand weapons
 a - a +0 war axe
 c - a +0 flail of holy wrath
 f - a +3 short sword of draining
 m - a +1 dagger of protection (weapon)
 s - a +2 dagger of venom
Armour
 b - a +0 shield (worn)
 r - a +2 cloak (worn)
Magical staves
 l - an uncursed staff of death
Magical devices
 p - a wand of slowing (4)
 q - a wand of magic darts (13)
Scrolls
 d - a scroll of identify
Potions
 e - 3 potions of flight
 g - 2 potions of cancellation {unknown}
 h - a potion of degeneration {unknown}
 i - a potion of resistance {unknown}
Comestibles
 j - 2 bread rations
 k - a beef jerky
 n - a meat ration


   Skills:
 + Level 4.6(3.0) Fighting
 + Level 1.9(0.4) Short Blades
 + Level 2.4(1.0) Axes
 + Level 5.2(3.6) Dodging
 + Level 1.0(0.0) Stealth
 + Level 4.8(3.2) Shields


You had 6 spell levels left.
You didn't know any spells.

Dungeon Overview and Level Annotations

Branches:
Dungeon (4/15)
 Temple: D:4-7

Altars:
Elyvilon

Shops:
D:4 !


Innate Abilities, Weirdness & Mutations

You can walk through water.
Your dull iron-grey scales are very hard (AC +11).
Your body does not fit into most forms of armour.
You can survive without breathing.
You are cold-blooded and may be slowed by cold attacks.


Message History

The ice beast is lightly wounded.
The ice beast barely misses you.
You hit the ice beast but do no damage.
You tail-slap the ice beast, but do no damage.
The ice beast is lightly wounded.
The ice beast hits you but does no damage.
You hit the ice beast but do no damage.
The ice beast is lightly wounded.
The ice beast hits you. The ice beast freezes you!
You feel yourself slow down.
* * * LOW HITPOINT WARNING * * *
Your shield prevents you from hitting the ice beast.
The ice beast is lightly wounded.
You block the ice beast's attack.
You barely miss the ice beast.
The ice beast is lightly wounded.
You feel yourself speed up. The ice beast hits you.
* * * LOW HITPOINT WARNING * * *
The ice beast freezes you!
You die...

#....###..####...#.#......+..#.#.
#....# #..#<.....#.#......####.#.
.##....#..#......#.#.##.#.# #.#.
.##....#..#......#.#.##.#... ..#.
.##....#..#..........##.######.#.
...#.### #..........##.#########
...#.# #..........##..........
...... #####...<......######..
...... #.@........# #.. ......
##Y)........# #.. ......
.......8....######.. .....
..............#....... ..
##......8.∩.8..#.......
.......................
....##.#...8............
....##..................
.....).<..).........


You could see an ice beast.

Vanquished Creatures
  The ghost of pk666 the Magician, an average DEWz (D:3)
  Duvessa (D:4)
  An ogre (D:4)
  Dowan (D:4)
  Crazy Yiuf (D:2)
  Jessica (D:2)
  Terence (D:2)
  6 adders
  2 oozes
  A worm (D:2)
  2 giant geckos
  4 giant cockroaches
  10 goblins
  13 hobgoblins
  8 kobolds
  2 bats
  2 giant newts (D:2)
  6 rats
  A fungus (D:2)
64 creatures vanquished.

Notes
Turn   | Place    | Note
--------------------------------------------------------------
     0 | D:1      | kosy22 the Draconian Fighter began the quest for the Orb.
     0 | D:1      | Reached XP level 1. HP: 19/19 MP: 1/1
   308 | D:1      | Reached XP level 2. HP: 26/26 MP: 2/2
   927 | D:2      | Reached XP level 3. HP: 14/33 MP: 3/3
  1474 | D:2      | Noticed Terence
  1492 | D:2      | Killed Terence
  1492 | D:2      | Reached skill level 4 in Fighting
  1492 | D:2      | Reached XP level 4. HP: 3/40 MP: 4/4
  2055 | D:2      | Noticed Jessica
  2084 | D:2      | Killed Jessica
  2589 | D:2      | Noticed Crazy Yiuf
  2597 | D:2      | Killed Crazy Yiuf
  2597 | D:2      | Reached XP level 5. HP: 46/46 MP: 5/5
  3085 | D:3      | Noticed pk666's ghost (average DEWz)
  3155 | D:3      | Killed pk666's ghost
  3155 | D:3      | Reached skill level 1 in Short Blades
  3155 | D:3      | Reached XP level 6. HP: 31/53 MP: 6/6
  3309 | D:3      | Found a white marble altar of Elyvilon.
  3330 | D:3      | Became a worshipper of Elyvilon the Healer
  3587 | D:3      | Found a glowing drain.
  3999 | D:4      | Found Qoish's Distillery.
  4134 | D:4      | Noticed Duvessa
  4134 | D:4      | Noticed Dowan
  4155 | D:4      | Killed Duvessa
  4165 | D:4      | Killed Dowan
  4165 | D:4      | Reached skill level 5 in Dodging
  4435 | D:4      | Reached skill level 1 in Stealth
  4435 | D:4      | Your scales start taking on a dull iron-grey colour.
  4435 | D:4      | Gained mutation: You can survive without breathing. [Grey Draconian growth]
  4435 | D:4      | Reached XP level 7. HP: 28/60 MP: 7/7
  4440 | D:4      | Slain by an ice beast

Vault maps used:
D:1:      wheals_arrival_shading, kennysheep_pointless_box, moated_statue
D:2:      first_bread, uniq_jessica, uniq_terence, uniq_crazy_yiuf_cottage
D:3:      elyvilon_altar_5, gup_sewer_entry_bowl
D:4:      serial_shops, nicolae_shop_statue_plus, uniq_blork_the_orc,
          uniq_duvessa

Action                   |  1- 3 |  4- 6 |  7- 9 || total
-------------------------+-------+-------+-------++-------
Melee: War axe           |    86 |       |       ||    86
       Dagger            |       |   252 |     5 ||   257
  Use: Scroll            |     1 |     6 |       ||     7
       Potion            |     1 |     2 |       ||     3
  Eat: Bread ration      |     1 |     2 |       ||     3
